 Dungeon Crawl Stone Soup version 0.30.0-17-ge0270778cf (webtiles) character file.

Game seed: 1405389417126893207

662 zazu2006 the Charlatan (level 7, -2/51 HPs)
             Began as a Gnoll Wanderer on May 21, 2023.
             Slain by Crazy Yiuf
             ... wielding a +3 quarterstaff of chaos
              (8 damage)
             ... on level 4 of the Dungeon.
             The game lasted 00:10:24 (4608 turns).

zazu2006 the Charlatan (Gnoll Wanderer)             Turns: 4608, Time: 00:10:25

Health: -2/51      AC:  2    Str: 10    XL:     7   Next: 56%
Magic:  10/12      EV: 12    Int: 15    God:
Gold:   259        SH:  0    Dex: 11    Spells: 12/13 levels left

rFire   + . .        a - +2 dagger
rCold   + . .        (no shield)
rNeg    . . .        e - +0 robe
rPois   +            (no helmet)
rElec   +            (no cloak)
rCorr   +            (no gloves)
SInv    .            (no boots)
Will    .....        (no amulet)
Stlth   ++           (no ring)
HPRegen 0.28/turn    (no ring)
MPRegen 0.13/turn

%: no passive effects
@: resistant
A: fangs 1, strong nose, distributed training
a: no special abilities


You were on level 4 of the Dungeon.
You visited 1 branch of the dungeon, and saw 4 of its levels.

You collected 259 gold pieces.

Inventory:

Hand Weapons
 a - a +2 dagger (weapon)
 u - a +0 falchion
Missiles
 b - a curare-tipped dart (quivered)
 o - 10 poisoned darts
 x - 3 silver boomerangs
Armour
 e - a +0 robe (worn)
Scrolls
 d - a scroll of blinking
 f - 3 scrolls of identify {unknown}
 i - 3 scrolls of noise {unknown}
 m - a scroll of fear {unknown}
 n - 2 scrolls of fog {unknown}
 p - 2 scrolls of enchant weapon {unknown}
 s - a scroll of magic mapping {unknown}
 t - 3 scrolls of amnesia {unknown}
Potions
 g - 4 potions of attraction {unknown}
 h - a potion of ambrosia {unknown}
 j - 3 potions of resistance {unknown}
 k - a potion of heal wounds {unknown}
 l - 3 potions of curing {unknown}
 q - a potion of invisibility
 r - a potion of haste {unknown}
 v - 2 potions of brilliance {unknown}
 w - 2 potions of might {unknown}
 z - a potion of berserk rage {unknown}
Miscellaneous
 c - a piece from Xom's chessboard (11/15)


   Skills:
 + Level 2.6 Fighting
 + Level 2.6 Short Blades
 + Level 2.6 Long Blades
 + Level 2.6 Axes
 + Level 2.6 Maces & Flails
 + Level 2.6 Polearms
 + Level 2.6 Staves
 + Level 2.6 Ranged Weapons
 + Level 5.3 Throwing
 + Level 3.7 Armour
 + Level 2.6 Dodging
 + Level 2.6 Stealth
 + Level 2.6 Shields
 + Level 2.6 Unarmed Combat
 + Level 3.9 Spellcasting
 + Level 2.1 Conjurations
 + Level 2.1 Hexes
 + Level 2.1 Summonings
 + Level 2.1 Necromancy
 + Level 2.1 Translocations
 + Level 2.1 Transmutations
 + Level 2.1 Fire Magic
 + Level 2.1 Ice Magic
 + Level 2.1 Air Magic
 + Level 2.1 Earth Magic
 + Level 5.9 Poison Magic
 + Level 3.0 Invocations
 + Level 7.1 Evocations


You had 12 spell levels left.
You knew the following spells:

 Your Spells              Type           Power      Damage    Failure   Level
a - Sting                 Tmut/Pois      60%        1d6       3%          1

Your spell library contained the following spells:

 Spells                   Type           Power      Damage    Failure   Level
 Ignite Poison            Fire/Tmut/Pois 13%        N/A       13%         3
 Ozocubu's Armour         Ice            9%         N/A       22%         3
 Vhi's Electric Charge    Tloc/Air       18%        N/A       22%         3
 Arcjolt                  Conj/Air       4%         1d14      90%         5
 Ozocubu's Refrigeration  Ice            4%         4d8       100%        7
 Maxwell's Capacitive Co  Air            4%         ∞         100%        8


Dungeon Overview and Level Annotations

Branches:
Dungeon (4/15)
 Temple: D:4-7

Altars:

Annotations:
D:4 Crazy Yiuf


Innate Abilities, Weirdness & Mutations

You have very sharp teeth.
Your uncanny sense of smell can sniff out nearby items.
Your experience applies equally to all skills.


Message History

Casting: Sting (safe; 3% risk of failure)
Confirm with . or Enter, or press ? or * to list all spells.
Aiming: Sting (safe; 3% risk of failure)
Press: ? - help, Shift-Dir - straight line, f/p - Crazy Yiuf
Aim: Crazy Yiuf, wielding a +3 quarterstaff of chaos and wearing a +2 cloak (moderately wounded, poisoned, 77% to hit)
The sting misses Crazy Yiuf.
Crazy Yiuf hits you with a +3 quarterstaff of chaos!
Crazy Yiuf freezes you.
Unknown command.
Casting: Sting (safe; 3% risk of failure)
Confirm with . or Enter, or press ? or * to list all spells.
Aiming: Sting (safe; 3% risk of failure)
Press: ? - help, Shift-Dir - straight line, f/p - Crazy Yiuf
Aim: Crazy Yiuf, wielding a +3 quarterstaff of chaos and wearing a +2 cloak (heavily wounded, poisoned, 77% to hit)
The sting hits Crazy Yiuf.
Crazy Yiuf looks even sicker.
Crazy Yiuf is severely wounded.
Crazy Yiuf laughs, "You!
Nubble shoe arga."
Crazy Yiuf closely misses you.
Unknown command.
Crazy Yiuf attacks as you move away!
Crazy Yiuf hits you with a +3 quarterstaff of chaos!
* * * LOW HITPOINT WARNING * * *
You are confused.
You bump into the rock wall.
You feel less confused. Crazy Yiuf closely misses you.
You make a move on Xom's chessboard...
Crazy Yiuf twists and deforms.
Crazy Yiuf closely misses you.
Unknown command.
Unknown command.
Okay, then.
You make a move on Xom's chessboard...
Crazy Yiuf seems to speed up.
Crazy Yiuf hits you with a +3 quarterstaff of chaos.
* * * LOW HITPOINT WARNING * * *
You feel protected.
Unknown command.
Unknown command.
You make a move on Xom's chessboard...
Crazy Yiuf twists and deforms.
Crazy Yiuf hits you with a +3 quarterstaff of chaos!
You die...

######## ### ###.#....## #
#...##..#......####### #
#...'.####...g@......# #
#)..### ##..........# #
### ####.......# #
#.......# # #.......#
################.......#
....'........#.........#
....#........#....###..#
....#........########..###


You could see Crazy Yiuf (fast, poisoned, misshapen).

Vanquished Creatures
  Menkaure (D:4)
  Duvessa (D:4)
  An ogre (D:4)
  Dowan (D:4)
  Terence (D:3)
  A sleepcap (D:4)
  Natasha (thrice) (D:4)
  An iguana (D:4)
  5 adders
  A white imp (D:4)
  4 worms
  3 dart slugs (D:1)
  8 endoplasms
  6 giant cockroaches
  8 goblins
  4 hobgoblins
  4 quokkas
  10 ball pythons
  8 bats
  6 frilled lizards
  15 kobolds
  2 rats
94 creatures vanquished.

Notes
Turn   | Place    | Note
-------+----------+-------------------------------------------
     0 | D:1      | zazu2006 the Gnoll Wanderer began the quest for the Orb.
     0 | D:1      | zazu2006 set off with the following items: a +2 dagger, a
                  | curare-tipped dart, a piece from Xom's chessboard (15/15),
                  | a scroll of blinking, a +0 robe; and the following spell
                  | memorised: Sting; and the following spells available to
                  | memorise: Ignite Poison.
     0 | D:1      | Reached XP level 1. HP: 13/13 MP: 4/4
   129 | D:1      | Reached XP level 2. HP: 19/19 MP: 2/5
   603 | D:1      | Reached XP level 3. HP: 25/25 MP: 4/7
   897 | D:2      | Reached skill level 1 in Invocations
  1091 | D:2      | Reached skill level 1 in Fighting
  1091 | D:2      | Reached skill level 1 in Short Blades
  1091 | D:2      | Reached skill level 1 in Long Blades
  1091 | D:2      | Reached skill level 1 in Axes
  1091 | D:2      | Reached skill level 1 in Maces & Flails
  1091 | D:2      | Reached skill level 1 in Polearms
  1091 | D:2      | Reached skill level 1 in Staves
  1091 | D:2      | Reached skill level 1 in Ranged Weapons
  1091 | D:2      | Reached skill level 1 in Dodging
  1091 | D:2      | Reached skill level 1 in Stealth
  1091 | D:2      | Reached skill level 1 in Shields
  1091 | D:2      | Reached skill level 1 in Unarmed Combat
  1247 | D:2      | Reached XP level 4. HP: 32/32 MP: 6/8
  1377 | D:2      | Found a faded altar of an unknown god.
  2051 | D:3      | Reached skill level 1 in Conjurations
  2051 | D:3      | Reached skill level 1 in Hexes
  2051 | D:3      | Reached skill level 1 in Summonings
  2051 | D:3      | Reached skill level 1 in Necromancy
  2051 | D:3      | Reached skill level 1 in Translocations
  2051 | D:3      | Reached skill level 1 in Transmutations
  2051 | D:3      | Reached skill level 1 in Fire Magic
  2051 | D:3      | Reached skill level 1 in Ice Magic
  2051 | D:3      | Reached skill level 1 in Air Magic
  2051 | D:3      | Reached skill level 1 in Earth Magic
  2560 | D:3      | Reached XP level 5. HP: 36/37 MP: 3/9
  2666 | D:3      | Noticed Terence
  2674 | D:3      | Killed Terence
  2995 | D:4      | Noticed a black bear
  3424 | D:4      | Noticed Natasha
  3432 | D:4      | Killed Natasha
  3485 | D:4      | Noticed Menkaure
  3495 | D:4      | Killed Menkaure
  3496 | D:4      | Reached skill level 5 in Throwing
  3496 | D:4      | Reached XP level 6. HP: 33/44 MP: 11/11
  3647 | D:4      | Noticed Natasha
  3656 | D:4      | Killed Natasha
  3788 | D:4      | Reached skill level 7 in Evocations
  3788 | D:4      | Reached XP level 7. HP: 17/51 MP: 8/12
  3956 | D:4      | Noticed Dowan
  3957 | D:4      | Noticed Duvessa
  4019 | D:4      | Killed Duvessa
  4027 | D:4      | Killed Dowan
  4108 | D:4      | Noticed Natasha
  4118 | D:4      | Killed Natasha
  4399 | D:4      | Found a runed translucent door.
  4400 | D:4      | Noticed Crazy Yiuf
  4608 | D:4      | Slain by Crazy Yiuf

Illustrated notes

Levels and vault maps discovered:
D:1:      ebering_hopf_link, layout_rooms, minmay_pentomino_x4
D:2:      layout_loops_ring, chequers_ecumenical_altar_simple,
          lexackson_kobold_supper
D:3:      layout_rooms, minmay_misc_feat_secret_circle, nicolae_titane,
          uniq_terence
D:4:      layout_gridville, nrook_loot_triangle, uniq_menkaure, uniq_duvessa,
          uniq_natasha, uniq_crazy_yiuf_cottage

Skill      XL: |  1  2  3  4  5  6  7 |
---------------+----------------------+-----
Invocations    | 1 2 3 |  3.0
Fighting       | 1 2 |  2.6
Short Blades   | 1 2 |  2.6
Long Blades    | 1 2 |  2.6
Axes           | 1 2 |  2.6
Maces & Flails | 1 2 |  2.6
Polearms       | 1 2 |  2.6
Staves         | 1 2 |  2.6
Ranged Weapons | 1 2 |  2.6
Dodging        | 1 2 |  2.6
Stealth        | 1 2 |  2.6
Shields        | 1 2 |  2.6
Unarmed Combat | 1 2 |  2.6
Spellcasting   | 3 |  3.9
Conjurations   | 1 2 |  2.1
Hexes          | 1 2 |  2.1
Summonings     | 1 2 |  2.1
Necromancy     | 1 2 |  2.1
Translocations | 1 2 |  2.1
Transmutations | 1 2 |  2.1
Fire Magic     | 1 2 |  2.1
Ice Magic      | 1 2 |  2.1
Air Magic      | 1 2 |  2.1
Earth Magic    | 1 2 |  2.1
Armour         | 3 |  3.7
Throwing       | 5 |  5.3
Evocations     | 7 |  7.1
Poison Magic   | |  5.9

Action                     |  1- 3 |  4- 6 |  7- 9 || total
---------------------------+-------+-------+-------++-------
  Melee: Dagger            |    17 |    51 |    10 ||    78
         Bite              |     1 |     4 |       ||     5
         Punch             |       |     3 |       ||     3
   Cast: Sting             |    61 |   115 |    28 ||   204
  Evoke: Piece from Xom's  |     1 |     6 |     9 ||    16
   Stab: Confused          |       |     1 |       ||     1
         Paralysed         |       |       |     3 ||     3
 Armour: Robe              |    15 |     8 |     1 ||    24
  Dodge: Dodged            |    30 |    45 |    20 ||    95
